 Dungeon Crawl Stone Soup version 0.29-a0-221-gceb61267dd (webtiles) character file.

Game seed: 16588674958456331662

60 Inarius the Skirmisher (level 3, -12/29 HPs)
             Began as a Demonspawn Fighter on Feb 26, 2022.
             Killed from afar by Ijyb (21 damage)
             ... with a bolt of acid
             ... on level 3 of the Dungeon.
             The game lasted 00:02:24 (2276 turns).

Inarius the Skirmisher (Demonspawn Fighter)         Turns: 2276, Time: 00:02:24

Health: -12/29     AC:  3    Str: 18    XL:     3   Next: 82%
Magic:  3/3        EV:  6    Int:  9    God:
Gold:   133        SH:  4    Dex: 12    Spells: 2/2 levels left

rFire   . . .      SeeInvis +   a - +0 war axe
rCold   . . .      Faith    .   c - +0 buckler
rNeg    . . .      Spirit   .   r - +0 chain mail
rPois   .          Reflect  .   (no helmet)
rElec   .          Harm     .   (no cloak)
rCorr   .          Rampage  .   (no gloves)
Will    .....                   (no boots)
Stlth   ..........              (no amulet)
HPRegen 0.09/turn               j - ring of see invisible
MPRegen 0.08/turn               (no ring)

@: corroded
A: slimy green scales 1
a: no special abilities


You were on level 3 of the Dungeon.
You visited 1 branch of the dungeon, and saw 3 of its levels.

You collected 133 gold pieces.

Inventory:

Hand Weapons
 a - a +0 war axe (weapon)
Missiles
 l - 2 throwing nets (quivered)
Armour
 c - a +0 buckler (worn)
 r - a +0 chain mail (worn)
Jewellery
 j - a ring of see invisible (left hand)
Wands
 o - a wand of iceblast (6)
Scrolls
 e - a scroll of noise {unknown}
 g - a scroll of fear {unknown}
 i - a scroll of blinking {unknown}
 m - a scroll of fog {unknown}
 q - a scroll of magic mapping {unknown}
Potions
 d - 3 potions of might
 f - a potion of invisibility {unknown}
 h - a potion of curing
 k - a potion of flight {unknown}
 n - a potion of degeneration {unknown}
 p - a potion of attraction {unknown}


   Skills:
 + Level 3.3 Fighting
 * Level 3.0 Axes
 + Level 3.0 Armour
 + Level 2.9 Shields


You had 2 spell levels left.
You didn't know any spells.
Your spell library was empty.

Dungeon Overview and Level Annotations

Branches:
Dungeon (3/15)

Altars:
Gozag

Annotations:
D:3 1 runed translucent door, Ijyb


Innate Abilities, Weirdness & Mutations

You are partially covered in slimy green scales. (AC +2)


Message History

There are monsters nearby!
You close the door.
You feel sick.
You feel sick.
You feel sick.
Something unseen breaks down the door.
You start resting.
You feel sick.
A kobold is nearby!
You feel sick. The kobold hits you but does no damage.
You closely miss the kobold.
You feel sick.
You are no longer poisoned.
The kobold barely misses you.
You slash the kobold!
You kill the kobold!
You slash the orc!
You kill the orc!
There is a broken door, spattered with blood here.
Items here: (( )) ††.
Ijyb the Twisted Goblin comes into view.
She is wielding a +0 dagger and carrying a wand of acid (8).
Ijyb shouts!
You see here 12 gold pieces.
Ijyb hits you but does no damage.
You closely miss Ijyb. Ijyb hits you with a +0 dagger.
Ijyb zaps a wand.
The bolt of acid hits you!
* * * LOW HITPOINT WARNING * * *
The acid corrodes you!
You hit Ijyb.
Ijyb is lightly wounded.
Ijyb screams, "Die!"
Ijyb hits you but does no damage.
You hit Ijyb but do no damage.
Ijyb is lightly wounded.
Ijyb zaps a wand.
The bolt of acid hits you.
* * * LOW HITPOINT WARNING * * *
The acid corrodes you!
Ijyb screams, "Me very upset!"
Ijyb hits you with a +0 dagger.
* * * LOW HITPOINT WARNING * * *
It was a potion of curing.
You feel better.
Ijyb zaps a wand.
The bolt of acid hits you!!
Ouch! That really hurt!
You die...

.# #.# #.# #.###..#
.# #.###.# #.###..#
.# #.....# #......#
#######..# #####)##
≈≈≈#. #..# ##...##
≈≈≈+..#..# ##.$...##
≈≈≈#.....#
##.......##
######...#
#.........# .......
+...@.....+
#.##...##.#...g.....#
# ##.## ##.......##
#.# ##.....## ..#
##...## .## ##+##


You could see Ijyb.

Vanquished Creatures
  Jessica (D:2)
  2 worms (D:2)
  An orc (D:3)
  An endoplasm (D:2)
  A giant cockroach (D:2)
  2 goblins
  4 jackals (D:2)
  A quokka (D:1)
  7 ball pythons
  A bat (D:1)
  3 frilled lizards
  2 kobolds
  2 rats (D:2)
28 creatures vanquished.

Notes
Turn   | Place    | Note
-------+----------+-------------------------------------------
     0 | D:1      | Inarius the Demonspawn Fighter began the quest for the Orb.
     0 | D:1      | Reached XP level 1. HP: 18/18 MP: 1/1
   179 | D:1      | Found a faded altar of an unknown god.
   848 | D:2      | Noticed Jessica
   902 | D:2      | Gained mutation: You are partially covered in slimy green
                  | scales. (AC +2) [demonic ancestry]
   902 | D:2      | Reached XP level 2. HP: 24/24 MP: 2/2
   948 | D:2      | Found an opulent altar of Gozag.
  1558 | D:2      | Killed Jessica
  1559 | D:2      | Reached XP level 3. HP: 21/29 MP: 3/3
  2214 | D:3      | Found a runed translucent door.
  2269 | D:3      | Noticed Ijyb
  2275 | D:3      | HP: 1/29 [Ijyb/+0 dagger (3)]
  2276 | D:3      | Killed from afar by Ijyb

Illustrated notes

Levels and vault maps discovered:
D:1:      sevenhm_arrival_forest_fort_large_2, layout_basic,
          basic_ecumenical_altar, minmay_tromino_i4
D:2:      layout_loops_corners, serial_glass, glass_columns_a, glass_columns_b,
          glass_columns_a, glass_columns_c, basic_altar, uniq_jessica
D:3:      layout_loops_corners, gammafunk_temple_overflow_arena,
          ebering_ghost_sewer_f, kennysheep_cluttered_room, uniq_terence,
          uniq_ijyb

Skill      XL: |  1  2  3 |
---------------+----------+-----
Axes           | 2 3 |  3.0
Armour         | 3 |  3.0
Fighting       | |  3.3
Shields        | |  2.9

Action                   || total
-------------------------++-------
Melee: War axe           ||    72
  Use: Potion            ||     1
Armor: Scale mail        ||    39
       Chain mail        ||     3
Dodge: Dodged            ||    28
Block: Buckler           ||    14

Table legend: (Time is in decaauts)
 A = Elapsed time spent in this place.
 B = Non-inter-level travel time spent in this place.
 C = Inter-level travel time spent in this place.
 D = Time resting spent in this place.
 E = Time spent auto-exploring this place.
 F = Levels seen in this place.
 G = Mean time per level.
                   A        B        C        D        E       F      G
               +--------+--------+--------+--------+--------+-----+--------+
         Total |   2306 |   2174 |    132 |    236 |   1606 |   3 |  768.7 |
       Dungeon |   2306 |   2174 |    132 |    236 |   1606 |   3 |  768.7 |
               +--------+--------+--------+--------+--------+-----+--------+

Top non-repeatable levels by time:
     D:2: 1367 daAuts
     D:1: 846 daAuts
     D:3: 92 daAuts
